 Dungeon Crawl Stone Soup version 0.22.1-2-g9c5b331383 (webtiles) character file.

108031 Narretz the Black Belt (level 16, 0/123 HPs)
             Began as a Demonspawn Gladiator on Nov 26, 2018.
             Was a Believer of Uskayaw.
             Slain by a tyrant leech (18 damage)
             ... on level 2 of the Swamp.
             The game lasted 02:26:37 (30455 turns).

Narretz the Black Belt (Demonspawn Gladiator)      Turns: 30455, Time: 02:26:38

Health: 0/123      AC: 24    Str: 22    XL:     16   Next: 1%
Magic:  0/24       EV: 22    Int: 10    God:    Uskayaw [**....]
Gold:   1853       SH:  4    Dex: 28    Spells: 15/15 levels left

rFire    . . .     SeeInvis .     - Unarmed
rCold    . . .     Gourm    .   (no shield)
rNeg     + + .     Faith    .   G - +7 chain mail of the Wild Haggis {rN++}
rPois    +         Spirit   +   (helmet restricted)
rElec    .         Reflect  +   y - +1 cloak {+Inv}
rCorr    .         Harm     .   (gloves unavailable)
MR       +....                  O - +2 pair of boots of the Assassin {Detection Stab+ Stlth++}
Stlth    ++++......             r - +4 amulet of reflection
HPRegen  0.30/turn              f - +4 ring of dexterity
MPRegen  0.38/turn              i - ring of poison resistance

@: mighty, agile
A: antennae 2, claws 3, hooves 2, powered by pain 3, magic shield, magic
regeneration
a: Stomp, Line Pass, Renounce Religion, Evoke Invisibility


You were on level 2 of the Swamp.
You worshipped Uskayaw.
Uskayaw was aware of your devotion.
You were not hungry.

You visited 6 branches of the dungeon, and saw 27 of its levels.
You also visited: Bailey.

You collected 2914 gold pieces.
You spent 1061 gold pieces at shops.

Inventory:

Hand Weapons
 a - a +2 fustibalus of freezing
Missiles
 c - 2 throwing nets (quivered)
 Y - 74 sling bullets
Armour
 j - a +2 pair of boots of flying
 y - a +1 cloak of invisibility (worn)
 A - the +1 leather armour of the Clam {+Inv rElec rCorr}
   (You found it on level 7 of the Dungeon)

   It insulates you from electricity.
   It lets you turn invisible.
   It provides partial protection from all sources of acid and corrosion.
 C - a +1 plate armour of magic resistance
 G - the +7 chain mail of the Wild Haggis (worn) {rN++}
   (You bought it in a shop on level 2 of the Orcish Mines)

   It greatly protects you from negative energy.
 O - the +2 pair of boots of the Assassin (worn) {Detection Stab+ Stlth++}
   (You found it on level 7 of the Dungeon)

   It makes you much more stealthy.
 R - a +1 chain mail of cold resistance
Jewellery
 f - a +4 ring of dexterity (left claw)
 i - a ring of poison resistance (right claw)
 r - a +4 amulet of reflection (around neck)
 v - an uncursed ring of positive energy
 E - an uncursed ring of stealth
 F - an uncursed ring of ice
 H - an uncursed ring of fire
 I - an uncursed ring of protection from magic
 M - an uncursed ring of teleportation
 N - a +2 ring of evasion
Wands
 b - a wand of scattershot (7)
 h - a wand of polymorph (44)
 z - a wand of digging (10)
 D - a wand of iceblast (16)
 Q - a wand of flame (126)
Scrolls
 l - 2 scrolls of identify
 m - 4 scrolls of enchant armour
 n - 2 scrolls of enchant weapon
 o - 5 scrolls of noise
 p - 9 scrolls of teleportation
 u - 12 scrolls of remove curse
 w - 2 scrolls of fear
 x - a scroll of blinking
 V - 5 scrolls of vulnerability
 W - a scroll of fog
 Z - 2 scrolls of summoning
Potions
 e - 5 potions of haste
 k - 2 potions of flight
 q - a potion of might
 s - 5 potions of magic
 t - a potion of berserk rage {unknown}
 B - 2 potions of resistance
 J - 3 potions of brilliance
 K - 9 potions of curing
 L - 3 potions of lignification
 P - a potion of cancellation
 T - 3 potions of ambrosia
 U - 3 potions of agility
 X - 3 potions of invisibility
Comestibles
 d - 27 rations


   Skills:
 * Level 10.5 Fighting
 - Level 8.7(9.0) Slings
 - Level 2.9(6.2) Throwing
 * Level 10.5 Armour
 + Level 10.3 Dodging
 - Level 7.1 Stealth
   Level 1.0 Shields
 + Level 15.3 Unarmed Combat
 + Level 11.6 Invocations
 + Level 0.9 Evocations


You had 15 spell levels left.
You didn't know any spells.
Your spell library contained the following spells:

 Spells                   Type           Power        Failure   Level  Hunger
 Apportation              Tloc           #.....       92%         1    ##.....
 Flame Tongue             Conj/Fire      #....        92%         1    ##.....
 Freeze                   Ice            #...         92%         1    ##.....
 Summon Butterflies       Summ           #.......     92%         1    ##.....
 Summon Small Mammal      Summ           #...         92%         1    ##.....
 Call Imp                 Summ           #.......     98%         2    ###....
 Throw Flame              Conj/Fire      #.....       98%         2    ###....
 Throw Frost              Conj/Ice       #.....       98%         2    ###....
 Call Canine Familiar     Summ           #.......     100%        3    ####...
 Conjure Flame            Conj/Fire      #.......     100%        3    ####...
 Inner Flame              Hex/Fire       #.......     100%        3    ####...
 Lesser Beckoning         Tloc           #.........   100%        3    ####...
 Ozocubu's Armour         Chrm/Ice       #.......     100%        3    ####...
 Summon Guardian Golem    Hex/Summ       #.......     100%        3    ####...
 Tukima's Dance           Hex            #.......     100%        3    ####...
 Sticky Flame             Conj/Fire      #.......     100%        4    #####..
 Summon Ice Beast         Ice/Summ       #.......     100%        4    #####..
 Summon Lightning Spire   Summ/Air       #.......     100%        4    #####..
 Throw Icicle             Conj/Ice       #.......     100%        4    #####..
 Alistair's Intoxication  Tmut/Pois      #.......     100%        5    ######.
 Fireball                 Conj/Fire      #.........   100%        5    ######.
 Invisibility             Hex            #.......     100%        6    #######


Dungeon Overview and Level Annotations

Branches:
Dungeon (15/15)            Temple (1/1) D:7            Lair (6/6) D:8
  Swamp (2/4) Lair:2       Spider (1/4) Lair:4        Slime (0/5) Lair:5
    Orc (2/2) D:11            Elf (0/3) Orc:2        Vaults (0/5) D:13
 Depths (0/5) D:15

Altars:
Ashenzari
Cheibriados
Elyvilon
Fedhas
Gozag
Kikubaaqudgha
Makhleb
Nemelex Xobeh
Okawaru
Sif Muna
Trog
Uskayaw
Vehumet
Wu Jian
Xom
Yredelemnul
Zin
The Shining One
Beogh
Jiyva

Shops:
D:4 =   D:12 [   D:14 }}(   Orc:2 *([[

Annotations:
Lair:3 exclusion: oklob plant
Swamp:1 hydra entrance
Spider:1 Josephine


Innate Abilities, Weirdness & Mutations

You have a pair of antennae on your head.
You have claws for hands.
You have hoof-like feet.
You are powered by pain.
When hurt, damage is shared between your health and your magic reserves.
You regenerate magic rapidly.


Message History

You mangle the thorn hunter!!
The thorn hunter is severely damaged.
You closely miss the thorn hunter.
The thorn hunter is severely damaged.
The thorn hunter fires a volley of thorns at you.
The volley of thorns hits you!
* * * LOW HITPOINT WARNING * * *
The tyrant leech bites you!
* * * LOW HITPOINT WARNING * * *
You barely miss the thorn hunter. Your claw misses the thorn hunter.
The thorn hunter is severely damaged.
The thorn hunter barely misses you.
The thorn hunter hits you but does no damage.
You scratch the thorn hunter.
The thorn hunter is severely damaged.
The thorn hunter fires a volley of thorns at you.
The volley of thorns hits you!
* * * LOW HITPOINT WARNING * * *
The tyrant leech bites you!!
You die...

≈≈ .. ♣♣♣♣ ♣.≈≈...≈
......♣♣♣ ♣≈≈♣♣♣.≈≈..♣♣
≈≈..≈♣≈.♣♣♣♣.≈≈.♣♣§≈≈.♣♣
≈≈...♣.≈≈≈♣♣.≈≈§♣♣.≈≈.♣
≈≈..≈≈≈≈≈.♣♣♣P..♣♣.≈..♣
≈≈♣.≈≈≈≈≈.≈♣PP≈..♣...♣♣
♣≈...≈≈....PP.≈.≈≈≈≈♣
♣≈...≈≈....PP....§≈≈♣
♣≈...f@.♣≈♣♣♣≈..♣..≈♣
♣...≈..w.♣♣♣.≈≈.♣♣♣♣♣♣♣
≈.≈≈≈....♣..P≈≈≈≈♣ ♣♣.
..≈≈≈...♣♣.≈PP...≈♣ ♣≈.
....≈§≈.♣ ..≈P≈♣♣♣♣ ♣♣♣
♣♣...≈§.♣ ♣≈≈≈♣♣
♣♣♣♣...♣ ♣♣♣ ♣♣♣♣♣


You could see a thorn hunter and a tyrant leech.

Vanquished Creatures
  Saint Roka (Orc:2)
  Kirke (Lair:3)
  A stone giant (Orc:1)
  2 dire elephants (Lair:5)
  A fire dragon (D:8)
  Erolcha (Orc:2)
  The ghost of Goschuw the Basher, a journeyman DDFi (Orc:1)
  A yaktaur captain (D:15)
  5 hydras
  4 vault guards
  A merfolk avatar (Lair:6)
  5 two-headed ogres
  A centaur warrior (D:15)
  An ogre mage (D:15)
  6 alligators
  Urug (D:13)
  Sonja (D:12)
  7 death yaks
  9 skeletal warriors
  2 swamp dragons
  A shambling mangrove (Swamp:2)
  5 orc sorcerers
  An orc knight (D:15)
  Pikel (D:9)
  A wolf spider (Lair:4)
  17 ugly things
  A manticore (Lair:6)
  3 deep elf magi
  11 elephants
  Joseph (D:7)
  Maurice (D:11)
  A torpor snail (Lair:3)
  3 black mambas
  2 gargoyles (D:13)
  5 yaktaurs (D:15)
  12 spiny frogs
  6 rime drakes
  2 efreet (D:14)
  A freezing wraith (D:15)
  8 komodo dragons
  5 trolls
  2 tyrant leeches
  6 polar bears (Lair:6)
  7 hornets
  A bog body (Swamp:1)
  11 blink frogs
  21 slime creatures
  9 hippogriffs
  A spriggan (shapeshifter) (D:14)
  A redback (Lair:4)
  51 yaks
  A vampire (D:12)
  4 hogs (D:7)
  A tarantella (Lair:4)
  13 wyverns
  2 shadows
  3 wraiths
  Eustachio (D:6)
  3 steam dragons
  2 basilisks
  A human (D:7)
  2 hungry ghosts
  4 vampire mosquitoes (Swamp:1)
  4 insubstantial wisps (Swamp:1)
  5 wargs
  7 swamp worms
  Duvessa (D:6)
  An acid dragon (D:14)
  A soldier ant (D:14)
  15 water moccasins
  7 porcupines
  3 swamp drakes
  A black bear (Lair:3)
  4 ice beasts
  39 orc warriors
  3 slaves (D:9)
  3 eyes of draining
  4 necrophages (Lair:3)
  3 sky beasts
  8 wolves
  A centaur (D:10)
  9 ogres
  4 phantoms
  13 crocodiles
  3 big kobolds
  13 bullfrogs
  Blork the orc (D:6)
  A gnoll sergeant (D:12)
  9 killer bees
  Dowan (D:6)
  8 scorpions
  10 wights
  2 howler monkeys
  2 electric eels (Lair:1)
  7 crimson imps
  2 quasits
  7 hounds
  3 jellies
  A gnoll shaman (D:5)
  20 orc priests
  8 centaur skeletons
  15 orc wizards
  3 bullfrog skeletons
  6 iguanas
  5 worker ants
  6 hell rats
  A killer bee zombie (D:8)
  2 hound skeletons
  19 gnolls
  4 adders
  3 shadow imps
  3 oozes
  2 worms
  3 dart slugs
  8 leopard geckos
  130 orcs
  9 bats
  4 giant cockroaches
  8 goblins
  11 hobgoblins
  8 jackals (D:3)
  23 kobolds
  5 quokkas
  2 ball pythons
  15 frilled lizards
  2 goblin zombies (D:9)
  4 hobgoblin zombies (D:9)
  2 jackal skeletons
  2 kobold skeletons (D:9)
  A leopard gecko zombie (D:3)
  4 rats
831 creatures vanquished.

Vanquished Creatures (collateral kills)
  A polar bear (Lair:5)
1 creature vanquished.

Vanquished Creatures (others)
  An unseen horror (D:13)
  5 humans (Lair:4)
  A centaur (D:10)
  A bullfrog zombie (D:9)
  2 orcs
  3 kobolds (Bailey)
  A quokka (D:6)
  A quokka skeleton (D:6)
  9 fungi
  6 plants
30 creatures vanquished.

Grand Total: 862 creatures vanquished

Notes
Turn   | Place    | Note
-------+----------+-------------------------------------------
     0 | D:1      | Narretz the Demonspawn Gladiator began the quest for the
                  | Orb.
     0 | D:1      | Reached XP level 1. HP: 16/16 MP: 1/1
   142 | D:1      | Reached skill level 3 in Unarmed Combat
   142 | D:1      | Gained mutation: You sometimes gain a little power by
                  | taking damage. [demonic ancestry]
   142 | D:1      | Reached XP level 2. HP: 17/22 MP: 2/2
   408 | D:1      | Gained mutation: You have sharp fingernails. [demonic
                  | ancestry]
   408 | D:1      | Reached XP level 3. HP: 23/27 MP: 3/3
  1218 | D:2      | Reached skill level 1 in Armour
  1355 | D:2      | Gained mutation: When hurt, damage is shared between your
                  | health and your magic reserves. [demonic ancestry]
  1355 | D:2      | Reached XP level 4. HP: 32/33 MP: 2/4
  1404 | D:2      | Found a deep blue altar of Sif Muna.
  1698 | D:3      | Reached skill level 4 in Unarmed Combat
  1730 | D:3      | Found a shattered altar of Ashenzari.
  1731 | D:3      | Found a deep blue altar of Sif Muna.
  1731 | D:3      | Found a snail-covered altar of Cheibriados.
  1732 | D:3      | Found a bloodstained altar of Trog.
  1732 | D:3      | Found an iron altar of Okawaru.
  1920 | D:3      | Noticed a bullfrog
  1937 | D:3      | Killed a bullfrog
  1937 | D:3      | Gained mutation: You have large cloven feet. [demonic
                  | ancestry]
  1937 | D:3      | Reached XP level 5. HP: 22/38 MP: 2/5
  2353 | D:3      | Found a radiant altar of Vehumet.
  2487 | D:4      | Gained mutation: You regenerate magic rapidly. [demonic
                  | ancestry]
  2487 | D:4      | Reached XP level 6. HP: 40/44 MP: 6/6
  2503 | D:4      | Found an ancient bone altar of Kikubaaqudgha.
  2551 | D:4      | Found a blossoming altar of Fedhas.
  2646 | D:4      | Reached skill level 5 in Unarmed Combat
  2939 | D:4      | Found Qimp's Jewellery Shoppe.
  3148 | D:4      | Found an ancient bone altar of Kikubaaqudgha.
  3194 | D:5      | Entered Level 5 of the Dungeon
  3225 | D:5      | Gained mutation: You have very sharp fingernails. [demonic
                  | ancestry]
  3225 | D:5      | Reached XP level 7. HP: 32/51 MP: 3/7
  3330 | D:5      | Reached skill level 1 in Slings
  3337 | D:5      | Reached skill level 6 in Unarmed Combat
  4159 | D:6      | Noticed Blork the orc
  4288 | D:6      | Noticed Eustachio
  4327 | D:6      | Killed Eustachio
  4403 | D:6      | Found a white marble altar of Elyvilon.
  4627 | D:6      | Noticed Duvessa
  4662 | D:6      | Noticed a steam dragon
  4953 | D:7      | Reached XP level 8. HP: 48/58 MP: 6/8
  5074 | D:6      | Reached skill level 7 in Unarmed Combat
  5363 | D:7      | Noticed Joseph
  5706 | D:6      | Killed Blork the orc
  5725 | D:6      | Noticed Dowan
  5766 | D:6      | Killed Dowan
  5861 | D:7      | Found a staircase to the Ecumenical Temple.
  5871 | Temple   | Entered the Ecumenical Temple
  5878 | Temple   | Became a worshipper of Uskayaw the Reveler
  5927 | D:7      | Found the +2 pair of boots of the Assassin {Detection Stab+
                  | Stlth++}
  6072 | D:7      | Reached * piety under Uskayaw
  6076 | D:7      | Reached ** piety under Uskayaw
  6090 | D:7      | Reached *** piety under Uskayaw
  6091 | D:7      | Killed Joseph
  6091 | D:7      | Reached skill level 1 in Invocations
  6091 | D:7      | Gained mutation: You have hoof-like feet. [demonic
                  | ancestry]
  6091 | D:7      | Reached XP level 9. HP: 22/66 MP: 3/10
  6415 | D:7      | Got a pitted leather armour
  6432 | D:7      | Identified the +1 leather armour of the Clam {+Inv rElec
                  | rCorr} (You found it on level 7 of the Dungeon)
  6486 | D:7      | Reached skill level 1 in Stealth
  6489 | D:7      | Reached **** piety under Uskayaw
  6521 | D:7      | Reached skill level 5 in Armour
  6521 | D:7      | Reached skill level 1 in Shields
  7026 | D:6      | Killed Duvessa
  7289 | D:8      | Reached skill level 8 in Unarmed Combat
  7327 | D:8      | Reached skill level 5 in Fighting
  7562 | D:8      | Reached skill level 5 in Dodging
  7563 | D:8      | Noticed a fire dragon
  7583 | D:8      | Reached ***** piety under Uskayaw
  7592 | D:8      | Killed a fire dragon
  7592 | D:8      | Reached XP level 10. HP: 38/74 MP: 5/13
  7641 | D:8      | Found a staircase to the Lair.
  7913 | D:8      | Found a burning altar of Makhleb.
  8068 | Lair:1   | Entered Level 1 of the Lair of Beasts
  8227 | Lair:1   | Reached skill level 5 in Invocations
  8313 | Lair:1   | Noticed a spiny frog
  8324 | Lair:1   | Killed a spiny frog
  8324 | Lair:1   | Reached skill level 5 in Slings
  8375 | Lair:1   | Reached skill level 9 in Unarmed Combat
  8726 | Lair:1   | Gained mutation: You have a pair of small antennae on your
                  | head. [demonic ancestry]
  8726 | Lair:1   | Reached XP level 11. HP: 64/83 MP: 15/15
  9323 | Lair:2   | Noticed a seven-headed hydra
 10522 | Lair:2   | Noticed a swamp dragon
 10523 | Lair:2   | Found a staircase to the Swamp.
 10564 | Lair:2   | Killed a swamp dragon
 11239 | Lair:3   | Reached skill level 10 in Unarmed Combat
 11955 | Lair:3   | Gained mutation: You sometimes gain power by taking damage.
                  | [demonic ancestry]
 11955 | Lair:3   | Reached XP level 12. HP: 63/91 MP: 14/18
 12240 | Lair:4   | Noticed Kirke
 12264 | Lair:3   | Killed Kirke
 12717 | D:9      | Found a glowing golden altar of the Shining One.
 12801 | D:9      | Noticed Pikel
 12818 | D:9      | Killed Pikel
 13211 | D:9      | Found a sparkling altar of Nemelex Xobeh.
 13334 | D:10     | Entered Level 10 of the Dungeon
 14129 | D:11     | Found an iron altar of Okawaru.
 14220 | D:11     | Noticed Maurice
 14222 | D:11     | Killed Maurice
 14577 | D:11     | Reached skill level 11 in Unarmed Combat
 14654 | D:11     | Found a staircase to the Orcish Mines.
 15707 | Lair:4   | Noticed a death yak
 15707 | Lair:4   | Noticed a death yak
 15707 | Lair:4   | Noticed a death yak
 15715 | Lair:4   | Killed a death yak
 15740 | Lair:4   | Killed a death yak
 16014 | Lair:4   | Gained mutation: You have a pair of antennae on your head.
                  | [demonic ancestry]
 16014 | Lair:4   | Reached XP level 13. HP: 79/99 MP: 17/19
 16066 | Lair:4   | Found a hole to the Spider Nest.
 16260 | Lair:4   | Reached skill level 5 in Stealth
 16988 | Lair:5   | Reached skill level 12 in Unarmed Combat
 17349 | Lair:5   | Found a viscous altar of Jiyva.
 17349 | Lair:5   | Found a staircase to the Slime Pits.
 18071 | Lair:6   | Entered Level 6 of the Lair of Beasts
 18338 | Lair:6   | Reached skill level 10 in Invocations
 18362 | Lair:6   | Noticed a dire elephant
 18616 | Lair:6   | Noticed a dire elephant
 18635 | Lair:5   | Killed a dire elephant
 18894 | Lair:5   | Killed a dire elephant
 19694 | Lair:6   | Gained mutation: You have claws for hands. [demonic
                  | ancestry]
 19694 | Lair:6   | Reached XP level 14. HP: 60/108 MP: 9/21
 20516 | Orc:1    | Entered Level 1 of the Orcish Mines
 20542 | Orc:1    | Noticed a stone giant
 20686 | Orc:2    | Entered Level 2 of the Orcish Mines
 20754 | Orc:2    | Found a staircase to the Elven Halls.
 20911 | Orc:2    | Found a roughly hewn altar of Beogh.
 21034 | Orc:2    | Noticed Erolcha
 21049 | Orc:2    | Killed Erolcha
 21197 | Orc:2    | Found a roughly hewn altar of Beogh.
 21257 | Orc:2    | Found a roughly hewn altar of Beogh.
 21328 | Orc:2    | Found a roughly hewn altar of Beogh.
 21331 | Orc:2    | Found Tiumaumi's Antique Armour Boutique.
 21355 | Orc:2    | Bought a shimmering chain mail for 209 gold pieces
 21365 | Orc:2    | Identified the +7 chain mail of the Wild Haggis {rN++} (You
                  | bought it in a shop on level 2 of the Orcish Mines)
 21365 | Orc:2    | Bought a sapphire-encrusted ring mail for 198 gold pieces
 21375 | Orc:2    | Identified the cursed +0 ring mail "Xyg Cema" {*Slow rPois
                  | Dex-3 Slay+5} (You bought it in a shop on level 2 of the
                  | Orcish Mines)
 21416 | Orc:2    | Found a roughly hewn altar of Beogh.
 21491 | Orc:2    | Found a roughly hewn altar of Beogh.
 21498 | Orc:2    | Found Lowogh's General Store.
 21513 | Orc:2    | Bought a potion of haste for 160 gold pieces
 21513 | Orc:2    | Bought a potion of curing for 48 gold pieces
 21513 | Orc:2    | Bought a scroll of identify for 32 gold pieces
 21976 | Orc:2    | Noticed Saint Roka
 22368 | Orc:1    | Reached skill level 13 in Unarmed Combat
 22476 | Orc:2    | Killed Saint Roka
 22551 | Orc:2    | Found Telycs Yriku's Antique Armour Boutique.
 22553 | Orc:2    | Found a roughly hewn altar of Beogh.
 22556 | Orc:2    | Found Bujasieg's Antique Weapon Shop.
 22715 | Orc:1    | Killed a stone giant
 22769 | Orc:1    | Found a runed door.
 22808 | Orc:1    | Noticed Goschuw's ghost (journeyman DDFi)
 23008 | Orc:1    | Killed Goschuw's ghost
 23106 | D:12     | Noticed Sonja
 23322 | Swamp:1  | Entered Level 1 of the Swamp
 24159 | Spider:1 | Entered Level 1 of the Spider Nest
 24160 | Spider:1 | Noticed Josephine
 24772 | D:12     | Found Astroaneu's Armour Shop.
 24841 | D:12     | Reached ****** piety under Uskayaw
 25253 | D:12     | Killed Sonja
 25253 | D:12     | Reached skill level 10 in Dodging
 25541 | D:13     | Noticed Urug
 25591 | D:13     | Killed Urug
 25670 | D:13     | Found a gate to the Vaults.
 25977 | D:13     | Reached XP level 15. HP: 102/113 MP: 19/23
 26239 | D:13     | Found the +5 robe of Night {Dark MR+ SInv}
 26252 | D:13     | Reached skill level 14 in Unarmed Combat
 26764 | D:14     | Found Xaok's Gadget Emporium.
 26976 | D:14     | Found Goutut's Antique Weapon Shoppe.
 26984 | D:14     | Bought a glowing fustibalus for 414 gold pieces
 27223 | D:14     | Found a flagged portal.
 27250 | Bailey   | Entered a bailey
 27415 | Bailey   | Found a bloodstained altar of Trog.
 27419 | Bailey   | Reached skill level 10 in Fighting
 27557 | D:14     | Found Eroinu Buena's Gadget Shoppe.
 27661 | D:15     | Entered Level 15 of the Dungeon
 27702 | D:15     | Got a pitted ring mail
 27713 | D:15     | Identified the +1 ring mail "Gaud" {Dex+3} (You found it on
                  | level 15 of the Dungeon)
 27733 | D:15     | Found a shimmering altar of Xom.
 27766 | D:15     | Found a blossoming altar of Fedhas.
 27996 | D:15     | Found a staircase to the Depths.
 28186 | D:15     | Reached skill level 10 in Armour
 28190 | D:15     | Reached skill level 15 in Unarmed Combat
 30049 | Swamp:2  | Gained mutation: You are powered by pain. [demonic
                  | ancestry]
 30049 | Swamp:2  | Reached XP level 16. HP: 61/123 MP: 24/24
 30436 | Swamp:2  | Noticed a thorn hunter
 30455 | Swamp:2  | Slain by a tyrant leech

Skill      XL: |  1  2  3  4  5  6  7  8  9 10 11 12 13 14 15 |
---------------+----------------------------------------------+-----
Unarmed Combat | 3 4 5 6 7 8 9 10 11 12 13 15 | 15.3
Dodging        | 3 4 5 6 7 8 9 10 | 10.3
Armour         | 1 2 4 5 6 7 8 10 | 10.5
Throwing       | 2 |  2.9
Slings         | 2 4 5 6 7 8 |  8.7
Fighting       | 3 4 5 6 7 8 9 10 | 10.5
Invocations    | 1 4 6 8 9 10 11 | 11.6
Stealth        | 2 3 4 6 7 |  7.1
Shields        | 1 |  1.0
Evocations     | |  0.9

Action                   |  1- 3 |  4- 6 |  7- 9 | 10-12 | 13-15 | 16-18 || total
-------------------------+-------+-------+-------+-------+-------+-------++-------
Melee: Unarmed           |   155 |   179 |   479 |   911 |  1439 |    27 ||  3190
       Punch             |     2 |     4 |    13 |    44 |   109 |     2 ||   174
       Kick              |       |    24 |    73 |       |       |       ||    97
 Fire: Fustibalus        |       |    24 |   112 |   231 |   418 |       ||   785
Throw: Throwing net      |     4 |       |       |       |       |       ||     4
       Stone             |    10 |    21 |       |       |     1 |       ||    32
Invok: Stomp             |       |       |     4 |    11 |    19 |       ||    34
       Line Pass         |       |       |       |     1 |     2 |       ||     3
Evoke: Wand              |       |       |       |     1 |     3 |       ||     4
  Use: Scroll            |     5 |       |     6 |    12 |    16 |       ||    39
       Potion            |       |     2 |     4 |     1 |     4 |     3 ||    14
 Stab: Paralysed         |       |       |     8 |    35 |    77 |       ||   120
       Sleeping          |       |       |     2 |     9 |    16 |       ||    27
       Distracted        |       |       |       |       |     5 |       ||     5
  Eat: Chunk             |     2 |     2 |     8 |    23 |    22 |       ||    57
       Ration            |       |     1 |     2 |     2 |     8 |     1 ||    14
Armor: Leather armour    |    38 |    27 |    59 |       |       |       ||   124
       Scale mail        |       |       |    77 |   292 |   292 |       ||   661
       Chain mail        |       |       |    50 |    78 |   267 |    12 ||   407
       Skin              |       |       |       |       |    12 |       ||    12
Dodge: Dodged            |    94 |   107 |   224 |   495 |   961 |    14 ||  1895
Block: Other             |     1 |    28 |    85 |   141 |   241 |     2 ||   498
       Reflection        |       |       |     4 |     2 |    15 |       ||    21
